 Dungeon Crawl Stone Soup version 0.30-a0-347-gf58ed5266c (webtiles) character file.

Game seed: 5541844798246204109

2843 purpskrrrp the Chopper (level 9, -11/71 HPs)
             Began as a Demonspawn Fighter on Nov 5, 2022.
             Was an Initiate of Gozag.
             Shot with an arrow by a centaur warrior (19 damage)
             ... created by the fury of Okawaru
             ... on level 6 of the Dungeon.
             The game lasted 00:26:47 (6985 turns).

purpskrrrp the Chopper (Demonspawn Fighter)         Turns: 6985, Time: 00:26:47

Health: -11/71     AC: 15    Str: 20    XL:     9   Next: 46%
Magic:  12/12      EV: 10    Int: 10    God:    Gozag
Gold:   400        SH:  0    Dex: 13    Spells: 8/8 levels left

rFire   . . .      SeeInvis +    e - +0 scythe (venom)
rCold   . . .      Faith    .    (shield currently unavailable)
rNeg    . . .      Spirit   .    u - +1 ring mail {rPois}
rPois   +          Reflect  .    (no helmet)
rElec   .          Harm     .    (no cloak)
rCorr   .          Rampage  .    (no gloves)
Will    .....                    (no boots)
Stlth   ++........               (no amulet)
HPRegen 0.31/turn                x - ring of see invisible
MPRegen 0.13/turn                (no ring)

@: about to teleport, sanguine armoured, invisible
A: hooves 2, demonic guardian 1, powered by death 2, sanguine armour 2
a: Renounce Religion, Potion Petition, Call Merchant, Bribe Branch


You were on level 6 of the Dungeon.
You worshipped Gozag.
Gozag was aware of your devotion.
You visited 1 branch of the dungeon, and saw 6 of its levels.
You also visited: Sewer.

You collected 525 gold pieces.
You paid 125 gold pieces to Gozag.

Inventory:

Hand Weapons
 a - a +0 war axe
 e - a +0 scythe of venom (weapon)
 t - a +4 whip
 v - a +2 flail of draining
Missiles
 m - 12 poisoned darts
Armour
 b - a +0 scale mail
 c - a +2 buckler
 d - a +0 plate armour
 u - a +1 ring mail of poison resistance (worn)
Jewellery
 x - a ring of see invisible (left hand)
Wands
 g - a wand of flame (16)
 i - a wand of digging (5)
 o - a wand of roots (12)
 s - a wand of quicksilver (7)
Scrolls
 f - 2 scrolls of teleportation
 q - 5 scrolls of identify
 r - a scroll of brand weapon {unknown}
 y - a scroll of enchant weapon {unknown}
Potions
 h - 6 potions of brilliance
 j - a potion of ambrosia
 k - 3 potions of lignification
 l - a potion of berserk rage
 n - a potion of curing
 w - a potion of flight


   Skills:
 + Level 6.7 Fighting
 + Level 7.6(8.2) Axes
 + Level 4.4(6.6) Polearms
 - Level 2.6 Armour
 - Level 5.0 Stealth
 - Level 2.6 Shields
 * Level 5.0 Invocations


You had 8 spell levels left.
You didn't know any spells.
Your spell library contained the following spells:

 Spells                   Type           Power      Damage    Failure   Level
 Apportation              Tloc           0%         N/A       54%         1
 Alistair's Intoxication  Tmut/Pois      0%         N/A       100%        5


Dungeon Overview and Level Annotations

Branches:
Dungeon (6/15)             Temple (0/1) D:6           Sewer (visited)

Altars:
Ashenzari
Gozag
Kikubaaqudgha
Nemelex Xobeh
Okawaru
Trog
Uskayaw
Yredelemnul


Innate Abilities, Weirdness & Mutations

You have hoof-like feet.
A weak demonic guardian rushes to your aid.
You regenerate health from kills.
When seriously injured, your blood forms thick armour. (AC +9)


Message History

There is a stone staircase leading up here.
You start resting.
Your blood armour dries and flakes away.
You start resting.
HP restored.
Found a stone staircase leading down.
r - a scroll labelled YPOULE KEEVA
Found 9 stones.
You see here 9 stones.
q - 5 scrolls of identify (gained 1)
A sky beast comes into view.
You closely miss the sky beast.
You kick the sky beast, but do no damage.
The centaur warrior wields a +0 shortbow.
The centaur warrior shoots an arrow.
The arrow hits you! The sky beast closely misses you.
The centaur warrior shoots an arrow.
The arrow hits you!!
Your blood congeals into armour.
The sky beast flickers out of sight for a moment.
The sky beast hits you but does no damage.
You are too injured to fight recklessly!
The centaur warrior shoots an arrow.
The arrow hits you!!
* * * LOW HITPOINT WARNING * * *
A demonic guardian appears!
The sky beast attacks as you move away!
The sky beast hits you but does no damage.
The centaur warrior shoots an arrow.
The arrow barely misses your quasit. The arrow hits you!
* * * LOW HITPOINT WARNING * * *
The sky beast hits your quasit. The sky beast shocks your quasit.
You fade into invisibility!
The sky beast closely misses your quasit.
As you read the scroll of teleportation, it crumbles to dust.
You feel strangely unstable.
The centaur warrior shoots an arrow.
The arrow hits your quasit!
Your quasit dies!
Your quasit disappears in a puff of smoke!
The centaur warrior shoots an arrow.
The arrow barely misses the sky beast.
The arrow hits you!!
You die...
Your body crumbles into a pile of gold.

####.#............### #.#
##...#.#.##)..#...# ##.#
.....#....)##)##..####..#
.....#.#...##..........######
.###.#####.##....Q..........#
.###.# ###.##..........####.#
.##..# #...#####.......# #.#
.....# #...# #.#...#.####.#####
########...#####@#..............#
......#.....#.Y..#...############
#####...###.c.####..>###
#........####.......# #........#
#######.# #........####### #.#
#..............####.########
####..............##...........
...............$..####.########


You could see a tengu warrior (wandering, unable to see you), a centaur warrior
(unable to see you) and a sky beast (invisible, unable to see you).

Vanquished Creatures
  Sigmund (D:4)
  Edmund (D:5)
  A water moccasin (D:6)
  2 ice beasts
  4 black bears
  An ogre (D:5)
  2 orc warriors
  3 phantoms
  A kobold brigand (Sewer)
  2 bullfrogs (D:6)
  2 necrophages
  3 howler monkeys
  8 hounds
  A jelly (D:6)
  An orc priest (D:6)
  Jessica (D:2)
  3 iguanas
  4 orc wizards
  Natasha (thrice) (D:4)
  8 gnolls
  17 adders
  5 river rats (Sewer)
  A white imp (D:5)
  A worm (D:2)
  5 dart slugs
  21 orcs
  5 endoplasms
  6 giant cockroaches
  7 hobgoblins
  8 jackals
  9 kobolds
  2 quokkas
  12 ball pythons
  6 bats
  4 frilled lizards
  4 goblins
  13 rats
178 creatures vanquished.

Vanquished Creatures (collateral kills)
  A gnoll (D:4)
1 creature vanquished.

Vanquished Creatures (others)
  33 plants (Sewer)
33 creatures vanquished.

Grand Total: 212 creatures vanquished

Notes
Turn   | Place    | Note
-------+----------+-------------------------------------------
     0 | D:1      | purpskrrrp the Demonspawn Fighter began the quest for the
                  | Orb.
     0 | D:1      | Reached XP level 1. HP: 18/18 MP: 1/1
    98 | D:1      | Reached skill level 2 in Axes
   442 | D:1      | Gained mutation: When seriously injured, your blood forms
                  | armour. (AC +9) [demonic ancestry]
   442 | D:1      | Reached XP level 2. HP: 23/24 MP: 2/2
   743 | D:2      | Reached skill level 1 in Stealth
   747 | D:2      | Gained mutation: You have large cloven feet. [demonic
                  | ancestry]
   747 | D:2      | Reached XP level 3. HP: 23/29 MP: 3/3
   936 | D:2      | Noticed Jessica
   941 | D:2      | Killed Jessica
   942 | D:2      | Reached skill level 3 in Axes
  1081 | D:2      | Found a broken altar of Ashenzari.
  1215 | D:2      | Gained mutation: A weak demonic guardian rushes to your
                  | aid. [demonic ancestry]
  1215 | D:2      | Reached XP level 4. HP: 35/35 MP: 4/4
  2139 | D:4      | Reached XP level 5. HP: 32/42 MP: 5/5
  2276 | D:4      | Noticed Sigmund
  2282 | D:4      | Killed Sigmund
  2283 | D:4      | Reached skill level 4 in Axes
  2283 | D:4      | Gained mutation: You regenerate a little health from kills.
                  | [demonic ancestry]
  2283 | D:4      | Reached XP level 6. HP: 31/49 MP: 6/6
  2472 | D:4      | Noticed an ice beast
  2498 | D:4      | Killed an ice beast
  2499 | D:4      | Reached skill level 1 in Polearms
  2556 | D:4      | Reached skill level 5 in Axes
  2556 | D:4      | Gained mutation: When seriously injured, your blood forms
                  | thick armour. (AC +9) [demonic ancestry]
  2556 | D:4      | Reached XP level 7. HP: 45/55 MP: 7/7
  2753 | D:4      | Found an iron altar of Okawaru.
  2753 | D:4      | Found a sparkling altar of Nemelex Xobeh.
  2760 | D:4      | Found an ancient bone altar of Kikubaaqudgha.
  2762 | D:4      | Found a bloodstained altar of Trog.
  2765 | D:4      | Found a hide-covered altar of Uskayaw.
  2783 | D:4      | Found a basalt altar of Yredelemnul.
  2784 | D:4      | Found a broken altar of Ashenzari.
  3021 | D:4      | Noticed Natasha
  3029 | D:4      | Killed Natasha
  3146 | D:4      | Noticed Natasha
  3151 | D:4      | Killed Natasha
  3152 | D:4      | Reached skill level 5 in Fighting
  3316 | D:4      | Noticed Natasha
  3326 | D:4      | Killed Natasha
  3484 | D:4      | Became a worshipper of Warmaster Okawaru
  3522 | D:5      | Entered Level 5 of the Dungeon
  3613 | D:5      | Found a glowing drain.
  3631 | Sewer    | Entered a sewer
  4097 | Sewer    | Gained mutation: You regenerate health from kills. [demonic
                  | ancestry]
  4097 | Sewer    | Reached XP level 8. HP: 54/62 MP: 8/8
  4632 | D:5      | Noticed Edmund
  4642 | D:5      | Killed Edmund
  4643 | D:5      | Reached skill level 6 in Axes
  4778 | D:5      | Found an opulent altar of Gozag.
  5102 | D:5      | Reached * piety under Okawaru
  5421 | D:5      | Reached skill level 7 in Axes
  5421 | D:5      | Reached skill level 5 in Stealth
  5779 | D:6      | Reached skill level 1 in Invocations
  5847 | D:5      | Gained mutation: You have hoof-like feet. [demonic
                  | ancestry]
  5847 | D:5      | Reached XP level 9. HP: 18/69 MP: 8/10
  5915 | D:5      | Fell from the grace of Okawaru
  5917 | D:5      | Became a worshipper of Gozag Ym Sagoz the Greedy
  6562 | D:6      | Found a staircase to the Ecumenical Temple.
  6629 | D:6      | Noticed a tengu warrior
  6629 | D:6      | Noticed a tengu warrior
  6629 | D:6      | Noticed a centaur warrior
  6633 | D:6      | Reached skill level 5 in Invocations
  6985 | D:6      | Shot with an arrow by a centaur warrior

Illustrated notes

Levels and vault maps discovered:
D:1:      wander_arrival_lonely_grave, layout_rooms, minivault_11,
          chequers_hall_statues_y, roderic_lattice_a
D:2:      layout_loops_cross, basic_altar, uniq_jessica
D:3:      layout_basic, ebering_dispersal_statue_hall
D:4:      minmay_chambers_of_threes, layout_basic,
          nicolae_overflow_hallway_of_the_gods, minmay_misc_feat_iff,
          minmay_close_crescents, uniq_natasha, uniq_sigmund
D:5:      layout_loops_corners, grunt_gozag_statues, gup_sewer_entry_glass,
          uniq_edmund
D:6:      minmay_recursive_quarters, layout_basic, minmay_temple_entry_junction

Skill      XL: |  1  2  3  4  5  6  7  8  9 |
---------------+----------------------------+-----
Axes           | 2 3 4 5 7 |  7.6
Stealth        | 1 2 3 4 5 |  5.0
Fighting       | 4 5 6 |  6.7
Polearms       | 1 2 3 4 |  4.4
Invocations    | 1 5 |  5.0
Armour         | |  2.6
Shields        | |  2.6

Action                   |  1- 3 |  4- 6 |  7- 9 || total
-------------------------+-------+-------+-------++-------
Melee: War axe           |    47 |    96 |       ||   143
       Kick              |     2 |    34 |   123 ||   159
       Halberd           |       |    40 |   411 ||   451
       Whip              |       |       |    39 ||    39
Invok: Renounce Religion |       |       |     1 ||     1
Evoke: Wand              |       |     3 |       ||     3
  Use: Scroll            |     3 |     6 |    10 ||    19
       Potion            |       |     5 |     4 ||     9
 Stab: Invisible         |       |       |     2 ||     2
       Sleeping          |       |       |     2 ||     2
       Distracted        |       |       |     2 ||     2
Armor: Scale mail        |    17 |    77 |   115 ||   209
       Ring mail         |       |       |    57 ||    57
Dodge: Dodged            |    19 |    67 |   206 ||   292
Block: Buckler           |     7 |    29 |       ||    36

Table legend: (Time is in decaauts)
 A = Elapsed time spent in this place.
 B = Non-inter-level travel time spent in this place.
 C = Inter-level travel time spent in this place.
 D = Time resting spent in this place.
 E = Time spent auto-exploring this place.
 F = Levels seen in this place.
 G = Mean time per level.
                   A        B        C        D        E       F      G
               +--------+--------+--------+--------+--------+-----+--------+
         Total |   7357 |   6915 |    442 |    307 |   4588 |   7 | 1051.0 |
       Dungeon |   6139 |   5697 |    442 |    307 |   4136 |   6 | 1023.2 |
         Sewer |   1217 |   1217 |      0 |      0 |    452 |   1 | 1217.0 |
               +--------+--------+--------+--------+--------+-----+--------+

Top non-repeatable levels by time:
     D:5: 1536 daAuts
     D:4: 1449 daAuts
   Sewer: 1217 daAuts
     D:6: 987 daAuts
     D:2: 760 daAuts
     D:1: 733 daAuts
     D:3: 672 daAuts
